 Dungeon Crawl Stone Soup version 0.20.1-1-g8b1a95d (webtiles) character file.

2636 McKennaii the Zephyrmancer (level 9, -1/72 HPs)
             Began as a Tengu Air Elementalist on Aug 2, 2017.
             Was a Follower of Vehumet.
             Slain by a sky beast (2 damage)
             ... on level 7 of the Dungeon.
             The game lasted 00:22:10 (9960 turns).

McKennaii the Zephyrmancer (Tengu Air Elementalist) Turns: 9960, Time: 00:22:11

Health: -1/72      AC:  2    Str: 14    XL:     9   Next: 61%
Magic:  16/19      EV: 14    Int: 18    God:    Vehumet [*.....]
Gold:   252        SH:  0    Dex: 15    Spells: 11/20 levels left

rFire    . . .     SeeInvis .   (no weapon)
rCold    . . .     Gourm    .   (no shield)
rNeg     . . .     Faith    .   a - +0 robe
rPois    .         Spirit   .   (helmet restricted)
rElec    .         Reflect  .   (no cloak)
rCorr    .         Harm     .   (no gloves)
MR       .....                  (boots unavailable)
Stlth    ..........             (no amulet)
Regen    0.3/turn               (no ring)
MPRegen  0.2/turn               (no ring)

@: berserking, very quick
A: beak, talons 3, able to fly 1
a: Fly, Renounce Religion


You were on level 7 of the Dungeon.
You worshipped Vehumet.
Vehumet was aware of your devotion.
You were not hungry.

You visited 2 branches of the dungeon, and saw 9 of its levels.

You collected 329 gold pieces.
You spent 77 gold pieces at shops.

Inventory:

Armour
 a - a +0 robe (worn)
 F - +0 pearl dragon scales
Jewellery
 t - a cursed ring of teleportation {unknown}
Wands
 v - a wand of disintegration (12/24)
Scrolls
 d - 3 scrolls of enchant armour {unknown}
 e - 9 scrolls of identify
 j - a scroll of magic mapping {unknown}
 k - 8 scrolls of teleportation {unknown}
 l - 3 scrolls of fog {unknown}
 m - 4 scrolls of remove curse {unknown}
 n - a scroll of enchant weapon {unknown}
 o - 3 scrolls of amnesia {unknown}
 u - a scroll of immolation {unknown}
 x - a scroll of noise {unknown}
Potions
 f - a potion of magic {unknown}
 h - a potion of ambrosia {unknown}
 p - a potion of curing
 q - 2 potions of mutation {unknown}
 r - 3 potions of berserk rage
 z - a potion of brilliance {unknown}
 A - 2 potions of agility {unknown}
 B - a potion of degeneration {unknown}
 C - 2 potions of heal wounds {unknown}
 D - a potion of might {unknown}
Books
 b - a book of Air

   Spells                             Type                      Level
   a - Shock                          Conjuration/Air              1
   b - Swiftness                      Charms/Air                   2
   c - Static Discharge               Conjuration/Air              3
   d - Airstrike                      Air                          4
   e - Lightning Bolt                 Conjuration/Air              5
 w - a book of Flames

   Spells                             Type                      Level
   a - Flame Tongue                   Conjuration/Fire             1
   b - Throw Flame                    Conjuration/Fire             2
   c - Conjure Flame                  Conjuration/Fire             3
   d - Inner Flame                    Hexes/Fire                   3
   e - Sticky Flame                   Conjuration/Fire             4
   f - Fireball                       Conjuration/Fire             5
 y - a book of Cantrips

   Spells                             Type                      Level
   a - Confusing Touch                Hexes                        1
   b - Animate Skeleton               Necromancy                   1
   c - Summon Small Mammal            Summoning                    1
   d - Apportation                    Translocation                1
Comestibles
 c - 2 bread rations
 g - 5 royal jellies
 i - 4 fruits
 s - 2 meat rations


   Skills:
 + Level 1.7 Fighting
 + Level 3.5 Dodging
 + Level 3.3 Stealth
 + Level 6.3 Spellcasting
 + Level 7.6 Conjurations
 * Level 11.3 Air Magic


You had 11 spell levels left.
You knew the following spells:

 Your Spells              Type           Power        Failure   Level  Hunger
a - Shock                 Conj/Air       ####         1%          1    None
b - Swiftness             Chrm/Air       ####....     1%          2    None
c - Lightning Bolt        Conj/Air       #####.....   6%          5    #####..
d - Magic Dart            Conj           ####         1%          1    None


Dungeon Overview and Level Annotations

Branches:
Dungeon (8/15)             Temple (1/1) D:5
   Lair: D:8-11

Altars:
Ashenzari
Cheibriados
Dithmenos
Fedhas
Gozag
Hepliaklqana
Kikubaaqudgha
Makhleb
Okawaru
Qazlal
Ru
Sif Muna
Trog
Vehumet
Xom
Yredelemnul
The Shining One

Shops:
D:7 *

Annotations:
D:3 Caractacus's ghost, amateur GrEE


Innate Abilities, Weirdness & Mutations

You have a beak for a mouth.
You have claws for feet.
You can fly.


Message History

It was a potion of berserk rage.
A red film seems to cover your vision as you go berserk!
You feel yourself moving faster!
You feel mighty!
A sky beast appears from thin air!
Reactivating autopickup.
The sky beast hits you.
* * * LOW HITPOINT WARNING * * *
The sky beast shocks you.
* * * LOW HITPOINT WARNING * * *
You miss the sky beast. Your peck misses the sky beast.
The sky beast is heavily wounded.
The sky beast hits you but does no damage.
Unknown command.
You barely miss the sky beast. Your kick misses the sky beast.
You peck the sky beast!
The sky beast is almost dead.
The sky beast flickers out of sight!
Deactivating autopickup; reactivate with Ctrl-A.
Something hits you.
You die...

####.......#.........#
†..........###..######
####.......####.##
#.......'.....# ##
#.......'###..### .#
#....)..........# .#
#...............# .#
#(..##......{...# .#
#...'....####@### .#
#...#############
.###...#...........#
.......#...........#
.#######...........#
...#
#...........############
##)#
#...........'..........#
#)#
#...........##########.#
#.# ##########'## #.#


There were no monsters in sight!

Vanquished Creatures
  A hungry ghost (D:7)
  2 ice beasts
  A black bear (D:6)
  3 ogres
  A centaur (D:5)
  2 phantoms (D:5)
  3 bullfrogs
  2 scorpions
  2 jellies
  6 killer bees (D:7)
  A howler monkey (D:5)
  2 crimson imps (D:6)
  A bullfrog zombie (D:4)
  2 hounds
  A centaur skeleton (D:6)
  9 orc priests
  5 orc wizards
  2 iguanas (D:7)
  2 worker ants (D:4)
  A killer bee zombie (D:7)
  Robin (D:4)
  7 gnolls
  10 adders
  3 shadow imps
  2 oozes
  An adder skeleton (D:5)
  3 worms (D:2)
  4 dart slugs
  2 leopard geckos
  23 orcs
  5 bats
  3 giant cockroaches
  14 goblins
  7 hobgoblins
  15 jackals
  5 quokkas
  2 ball pythons
  7 frilled lizards
  5 kobolds
  A leopard gecko skeleton (D:5)
  A quokka zombie (D:5)
  4 rats
174 creatures vanquished.

Notes
Turn   | Place    | Note
-------+----------+-------------------------------------------
     0 | D:1      | McKennaii the Tengu Air Elementalist began the quest for the Orb.
     0 | D:1      | Reached XP level 1. HP: 10/10 MP: 4/4
   397 | D:1      | Reached XP level 2. HP: 15/15 MP: 0/6
  1040 | D:2      | Reached XP level 3. HP: 18/19 MP: 1/7
  1444 | D:2      | Found an ancient bone altar of Kikubaaqudgha.
  1444 | D:2      | Found a bloodstained altar of Trog.
  1445 | D:2      | Found a sacrificial altar of Ru.
  1567 | D:2      | Found a burning altar of Makhleb.
  1690 | D:2      | Reached skill level 5 in Air Magic
  2184 | D:3      | Noticed Caractacus's ghost (amateur GrEE)
  2487 | D:2      | Reached XP level 4. HP: 24/24 MP: 6/8
  3166 | D:2      | Gained mutation: You can fly. [Tengu growth]
  3166 | D:2      | Reached XP level 5. HP: 6/28 MP: 7/10
  3624 | D:3      | Found a blossoming altar of Fedhas.
  4118 | D:4      | Reached skill level 6 in Air Magic
  4183 | D:4      | Reached XP level 6. HP: 33/33 MP: 8/11
  4208 | D:4      | Found an opulent altar of Gozag.
  4604 | D:4      | Noticed an ice beast
  4618 | D:4      | Killed an ice beast
  4649 | D:4      | Reached XP level 7. HP: 28/37 MP: 0/14
  4860 | D:4      | Noticed Robin
  4867 | D:4      | Reached skill level 7 in Air Magic
  4870 | D:4      | Killed Robin
  5364 | D:5      | Entered Level 5 of the Dungeon
  5778 | D:5      | Found a snail-covered altar of Cheibriados.
  6042 | D:5      | Reached skill level 5 in Conjurations
  6327 | D:5      | Reached skill level 8 in Air Magic
  6327 | D:5      | Reached XP level 8. HP: 23/42 MP: 7/16
  6835 | D:5      | Reached skill level 5 in Spellcasting
  7084 | D:5      | Reached skill level 9 in Air Magic
  7226 | D:5      | Found a staircase to the Ecumenical Temple.
  7241 | Temple   | Entered the Ecumenical Temple
  7384 | Temple   | Became a worshipper of Vehumet
  7559 | D:6      | Found a shattered altar of Ashenzari.
  7971 | D:6      | Reached skill level 1 in Fighting
  8122 | D:6      | Reached skill level 10 in Air Magic
  8122 | D:6      | Reached XP level 9. HP: 36/47 MP: 11/18
  8123 | D:6      | Reached * piety under Vehumet
  8123 | D:6      | Offered knowledge of Magic Dart by Vehumet.
  8254 | D:6      | Learned a level 5 spell: Lightning Bolt
  8258 | D:6      | Learned a level 2 spell: Swiftness
  8935 | D:7      | Found Kiuqikk's General Store.
  8976 | D:7      | Bought a potion of curing for 33 gold pieces
  8976 | D:7      | Bought a scroll of identify for 22 gold pieces
  8976 | D:7      | Bought a scroll of identify for 22 gold pieces
  9344 | D:7      | Reached skill level 11 in Air Magic
  9926 | D:7      | Learned a level 1 spell: Magic Dart
  9958 | D:7      | HP: 1/72 [sky beast (6)]
  9960 | D:7      | Slain by a sky beast

Skill      XL: |  1  2  3  4  5  6  7  8  9 |
---------------+----------------------------+-----
Conjurations   | 2 3 4 5 6 7 |  7.6
Air Magic      | 5 6 8 10 11 | 11.3
Spellcasting   | 3 4 5 6 |  6.3
Stealth        | 3 |  3.3
Dodging        | 3 |  3.5
Fighting       | 1 |  1.7

Action                   |  1- 3 |  4- 6 |  7- 9 || total
-------------------------+-------+-------+-------++-------
Melee: Unarmed           |       |       |     6 ||     6
       Peck              |       |       |     1 ||     1
 Cast: Shock             |    67 |   122 |   345 ||   534
       Magic Dart        |       |       |     4 ||     4
       Lightning Bolt    |       |       |     4 ||     4
 Abil: Fly               |       |       |     1 ||     1
  Use: Potion            |       |       |     3 ||     3
  Eat: Chunk             |     3 |     6 |    13 ||    22
       Fruit             |     2 |       |     2 ||     4
       Royal jelly       |       |       |     2 ||     2
       Bread ration      |       |       |     1 ||     1
Armor: Robe              |     1 |     6 |     7 ||    14
Dodge: Dodged            |     7 |    53 |    77 ||   137
